[ AOE2 MATCH · #508578395 ]
UnrankedBohemians vs Bohemians
[ REPLAY ANALYSIS · EXTRACTED FROM THE RECORDED GAME ]
Feudal
9:40
Castle
13:31
Imperial
27:11
| APM avg | 29.4 |
| APM peak | 61 |
| eAPM avg | 18.3 |
| Villagers / military | 80 / 18 |
Focus
⚔️ 31.1% · 🌾 68.9%
Hand Cannoneer ×16 · Mangonel ×2 · Unknown (1105) ×1
Feudal
9:40
Castle
13:23
Imperial
—
| APM avg | 50.3 |
| APM peak | 94 |
| eAPM avg | 28.1 |
| Villagers / military | 101 / 2 |
Focus
⚔️ 29.7% · 🌾 70.3%
Unknown (2703) ×10 · Monk ×2
Feudal
10:58
Castle
14:45
Imperial
25:24
| APM avg | 54.7 |
| APM peak | 95 |
| eAPM avg | 16.5 |
| Villagers / military | 67 / 6 |
Focus
⚔️ 26.6% · 🌾 73.4%
Hussite Wagon ×6
Feudal
12:11
Castle
15:44
Imperial
20:45
| APM avg | 57.1 |
| APM peak | 91 |
| eAPM avg | 20.5 |
| Villagers / military | 38 / 30 |
Focus
⚔️ 42.5% · 🌾 57.5%
Genoese Crossbowman ×25 · Trebuchet (Packed) ×5
Feudal
10:06
Castle
13:38
Imperial
26:06
| APM avg | 53.5 |
| APM peak | 103 |
| eAPM avg | 29.5 |
| Villagers / military | 92 / 7 |
Focus
⚔️ 24.8% · 🌾 75.2%
Skirmisher ×4 · Mangonel ×3
Feudal
10:37
Castle
14:08
Imperial
—
| APM avg | 34.1 |
| APM peak | 97 |
| eAPM avg | 19.0 |
| Villagers / military | 133 / 11 |
Focus
⚔️ 12.8% · 🌾 87.2%
Knight ×11
Match map
Initial resources + every placement click. Lines = walls · curves = elevation contours. ◆ gold · ⬟ stone · ● berries · ✦ relic · ◌ wall gap
Your base· ✓ Closed at 13:31 · 0t walls · 3 gate(s)
FMG | Camilo's base· ✓ Closed at 13:23 · 0t walls · 2 gate(s)
[CLB]PEGASO's base· ✓ Closed at 14:45 · 0t walls · 2 gate(s)
|FMG| TINCHO's base· ✓ Closed at 15:44 · 0t walls · 2 gate(s)
NuMa | Toth's base· ✓ Closed at 13:38 · 1t walls · 3 gate(s)
migrARTEusa.com's base· ✓ Closed at 14:08 · 0t walls · 2 gate(s)
Smoothed initial terrain · ◌ = detected wall gap · hover for details
Inputs per minute
— |FMG| twitch/JabsUY - - FMG | Camilo
Build order — |FMG| twitch/JabsUY
First 150 of 167 actions detected
| 0:00 | Queue | Villager (Male) |
| 0:00 | Queue | Villager (Male) |
| 0:02 | Build | House |
| 0:03 | Build | House |
| 0:08 | Queue | Villager (Male) |
| 0:08 | Queue | Villager (Male) |
| 1:23 | Queue | Villager (Male) |
| 1:23 | Queue | Villager (Male) |
| 1:46 | Build | Lumber Camp |
| 1:53 | Queue | Villager (Male) |
| 1:53 | Queue | Villager (Male) |
| 2:13 | Queue | Villager (Male) |
| 2:40 | Queue | Villager (Male) |
| 2:54 | Queue | Villager (Male) |
| 3:23 | Queue | Villager (Male) |
| 3:24 | Queue | Villager (Male) |
| 3:51 | Build | House |
| 3:53 | Build | House |
| 4:06 | Queue | Villager (Male) |
| 4:06 | Queue | Villager (Male) |
| 4:23 | Queue | Villager (Male) |
| 4:23 | Queue | Villager (Male) |
| 4:45 | Queue | Villager (Male) |
| 4:46 | Queue | Villager (Male) |
| 4:46 | Queue | Villager (Male) |
| 4:52 | Build | Mill |
| 5:15 | Queue | Villager (Male) |
| 5:15 | Queue | Villager (Male) |
| 5:15 | Queue | Villager (Male) |
| 6:20 | Queue | Villager (Male) |
| 6:38 | Build | Farm |
| 6:40 | Build | Farm |
| 7:24 | Research | Feudal Age |
| 8:49 | Queue | Villager (Male) |
| 8:50 | Queue | Villager (Male) |
| 9:40 | Age | Feudal Age |
| 9:50 | Build | Market |
| 9:52 | Build | Blacksmith |
| 10:51 | Research | Castle Age |
| 11:22 | Build | House |
| 11:24 | Build | House |
| 11:33 | Research | Double-Bit Axe |
| 11:53 | Queue | Villager (Male) |
| 12:04 | Build | Farm |
| 12:06 | Research | Horse Collar |
| 12:26 | Build | Farm |
| 12:36 | Queue | Villager (Male) |
| 13:31 | Age | Castle Age |
| 13:56 | Build | Town Center |
| 14:01 | Research | Bow Saw |
| 14:04 | Build | Farm |
| 14:07 | Build | Farm |
| 14:08 | Queue | Villager (Male) |
| 14:31 | Build | Farm |
| 14:34 | Queue | Villager (Male) |
| 14:38 | Build | Monastery |
| 15:06 | Queue | Villager (Male) |
| 15:06 | Queue | Villager (Male) |
| 15:14 | Queue | Villager (Male) |
| 15:15 | Queue | Villager (Male) |
| 15:26 | Build | Farm |
| 15:34 | Build | Farm |
| 15:53 | Research | Loom |
| 16:04 | Research | Wheelbarrow |
| 16:21 | Build | Farm |
| 16:28 | Queue | Villager (Male) |
| 16:28 | Queue | Villager (Male) |
| 16:35 | Build | Farm |
| 16:48 | Research | Fervor |
| 16:54 | Build | Farm |
| 16:55 | Build | Farm |
| 16:57 | Build | Farm |
| 16:59 | Build | Farm |
| 17:01 | Build | Farm |
| 17:02 | Queue | Villager (Male) |
| 17:02 | Queue | Villager (Male) |
| 17:07 | Build | University |
| 17:13 | Queue | Villager (Male) |
| 17:13 | Queue | Villager (Male) |
| 17:20 | Build | Farm |
| 17:22 | Queue | Villager (Male) |
| 17:22 | Queue | Villager (Male) |
| 17:43 | Build | Farm |
| 17:48 | Build | Farm |
| 17:48 | Build | Farm |
| 17:51 | Build | Farm |
| 17:52 | Queue | Villager (Male) |
| 17:52 | Queue | Villager (Male) |
| 18:05 | Build | House |
| 18:06 | Build | House |
| 18:10 | Queue | Villager (Male) |
| 18:10 | Queue | Villager (Male) |
| 18:37 | Queue | Villager (Male) |
| 18:37 | Queue | Villager (Male) |
| 18:55 | Queue | Villager (Male) |
| 18:59 | Build | Barracks |
| 19:07 | Build | House |
| 19:16 | Queue | Villager (Male) |
| 19:18 | Research | Chemistry |
| 19:40 | Queue | Villager (Male) |
| 19:41 | Queue | Villager (Male) |
| 19:59 | Build | Archery Range |
| 20:00 | Build | Archery Range |
| 20:04 | Queue | Villager (Male) |
| 20:04 | Queue | Villager (Male) |
| 20:21 | Build | Siege Workshop |
| 20:27 | Queue | Villager (Male) |
| 20:27 | Queue | Villager (Male) |
| 20:30 | Build | House |
| 20:48 | Build | Archery Range |
| 20:59 | Queue | Villager (Male) |
| 20:59 | Queue | Villager (Male) |
| 21:02 | Queue | Hand Cannoneer |
| 21:16 | Queue | Unit 1105 |
| 21:18 | Build | House |
| 21:19 | Build | House |
| 21:21 | Queue | Villager (Male) |
| 21:26 | Build | House |
| 21:26 | Build | House |
| 21:29 | Queue | Hand Cannoneer |
| 21:32 | Queue | Hand Cannoneer |
| 21:32 | Queue | Hand Cannoneer |
| 21:35 | Queue | Villager (Male) |
| 21:35 | Queue | Villager (Male) |
| 21:45 | Queue | Villager (Male) |
| 21:48 | Build | Farm |
| 21:52 | Build | Farm |
| 21:53 | Build | Farm |
| 21:58 | Queue | Hand Cannoneer |
| 21:58 | Queue | Hand Cannoneer |
| 22:05 | Queue | Villager (Male) |
| 22:13 | Queue | Hand Cannoneer |
| 22:14 | Queue | Hand Cannoneer |
| 22:24 | Build | Mining Camp |
| 22:27 | Queue | Villager (Male) |
| 22:33 | Build | Farm |
| 22:43 | Queue | Villager (Male) |
| 22:46 | Build | Lumber Camp |
| 22:52 | Build | Farm |
| 23:04 | Queue | Villager (Male) |
| 23:34 | Queue | Hand Cannoneer |
| 23:34 | Queue | Hand Cannoneer |
| 23:36 | Queue | Villager (Male) |
| 23:36 | Queue | Villager (Male) |
| 23:59 | Research | Imperial Age |
| 24:00 | Queue | Villager (Male) |
| 24:00 | Queue | Villager (Male) |
| 24:18 | Queue | Mangonel |
| 25:07 | Queue | Mangonel |
| 25:14 | Queue | Hand Cannoneer |
Build order — FMG | Camilo
First 150 of 228 actions detected
| 0:00 | Queue | Villager (Male) |
| 0:00 | Queue | Villager (Male) |
| 0:01 | Queue | Villager (Male) |
| 0:01 | Queue | Villager (Male) |
| 0:02 | Build | House |
| 0:03 | Build | House |
| 1:29 | Queue | Villager (Male) |
| 1:55 | Queue | Villager (Male) |
| 1:55 | Queue | Villager (Male) |
| 2:04 | Queue | Villager (Male) |
| 2:04 | Queue | Villager (Male) |
| 2:42 | Build | Lumber Camp |
| 2:46 | Queue | Villager (Male) |
| 2:46 | Queue | Villager (Male) |
| 3:37 | Queue | Villager (Male) |
| 4:00 | Build | House |
| 4:01 | Queue | Villager (Male) |
| 4:01 | Queue | Villager (Male) |
| 4:01 | Queue | Villager (Male) |
| 4:04 | Build | House |
| 4:06 | Queue | Villager (Male) |
| 5:28 | Build | House |
| 5:43 | Queue | Villager (Male) |
| 5:57 | Build | Mill |
| 6:12 | Queue | Villager (Male) |
| 6:40 | Queue | Villager (Male) |
| 6:58 | Build | Farm |
| 6:59 | Queue | Villager (Male) |
| 7:17 | Research | Feudal Age |
| 9:40 | Age | Feudal Age |
| 9:43 | Build | Market |
| 9:45 | Build | Blacksmith |
| 9:53 | Queue | Villager (Male) |
| 9:53 | Queue | Villager (Male) |
| 10:27 | Build | House |
| 10:39 | Research | Castle Age |
| 10:45 | Build | Farm |
| 11:20 | Research | Horse Collar |
| 11:23 | Build | Farm |
| 11:24 | Build | Farm |
| 11:41 | Build | Farm |
| 12:04 | Research | Double-Bit Axe |
| 13:17 | Queue | Villager (Male) |
| 13:17 | Queue | Villager (Male) |
| 13:23 | Age | Castle Age |
| 13:24 | Build | Town Center |
| 13:37 | Build | Town Center |
| 13:59 | Queue | Villager (Male) |
| 14:25 | Research | Bow Saw |
| 14:26 | Queue | Villager (Male) |
| 14:26 | Queue | Villager (Male) |
| 14:52 | Queue | Villager (Male) |
| 14:53 | Queue | Villager (Male) |
| 15:02 | Build | Farm |
| 15:11 | Build | Farm |
| 15:13 | Queue | Villager (Male) |
| 15:24 | Build | Farm |
| 15:33 | Queue | Villager (Male) |
| 15:38 | Build | Farm |
| 15:42 | Build | Farm |
| 15:44 | Build | Farm |
| 15:46 | Queue | Villager (Male) |
| 15:52 | Research | Loom |
| 15:56 | Build | Farm |
| 16:01 | Build | Farm |
| 16:06 | Queue | Villager (Male) |
| 16:14 | Build | Farm |
| 16:17 | Build | Farm |
| 16:19 | Queue | Villager (Male) |
| 16:27 | Build | Farm |
| 16:37 | Build | Farm |
| 16:37 | Queue | Villager (Male) |
| 16:42 | Build | Farm |
| 16:43 | Build | Farm |
| 16:47 | Build | Farm |
| 16:48 | Queue | Villager (Male) |
| 16:57 | Build | House |
| 16:58 | Build | House |
| 16:59 | Queue | Villager (Male) |
| 17:03 | Build | Farm |
| 17:09 | Build | Farm |
| 17:10 | Queue | Villager (Male) |
| 17:12 | Build | Farm |
| 17:18 | Build | Farm |
| 17:19 | Queue | Villager (Male) |
| 17:27 | Build | Farm |
| 17:32 | Queue | Villager (Male) |
| 17:32 | Queue | Villager (Male) |
| 17:39 | Build | Farm |
| 17:40 | Queue | Villager (Male) |
| 17:42 | Build | House |
| 17:45 | Build | Farm |
| 17:51 | Queue | Villager (Male) |
| 18:01 | Queue | Villager (Male) |
| 18:06 | Build | Mining Camp |
| 18:12 | Build | Farm |
| 18:12 | Queue | Villager (Male) |
| 18:13 | Queue | Villager (Male) |
| 18:18 | Queue | Villager (Male) |
| 18:18 | Queue | Villager (Male) |
| 18:23 | Build | House |
| 18:31 | Build | Farm |
| 18:39 | Queue | Villager (Male) |
| 18:39 | Queue | Villager (Male) |
| 18:39 | Queue | Villager (Male) |
| 18:43 | Build | House |
| 18:55 | Build | Farm |
| 19:01 | Research | Heavy Plow |
| 19:01 | Research | Heavy Plow |
| 19:02 | Queue | Villager (Male) |
| 19:10 | Queue | Villager (Male) |
| 19:24 | Queue | Villager (Male) |
| 19:27 | Build | House |
| 19:39 | Build | Farm |
| 19:40 | Build | Farm |
| 19:41 | Build | Farm |
| 19:42 | Build | Farm |
| 19:43 | Queue | Villager (Male) |
| 19:54 | Queue | Villager (Male) |
| 19:54 | Queue | Villager (Male) |
| 19:54 | Queue | Villager (Male) |
| 19:58 | Queue | Villager (Male) |
| 20:03 | Build | House |
| 20:07 | Build | Farm |
| 20:13 | Queue | Villager (Male) |
| 20:24 | Build | Farm |
| 20:28 | Build | Lumber Camp |
| 20:31 | Queue | Villager (Male) |
| 20:35 | Research | Wheelbarrow |
| 20:46 | Queue | Villager (Male) |
| 20:47 | Queue | Villager (Male) |
| 21:01 | Queue | Villager (Male) |
| 21:23 | Build | Town Center |
| 21:27 | Build | Town Center |
| 21:28 | Queue | Villager (Male) |
| 21:28 | Queue | Villager (Male) |
| 21:32 | Build | Farm |
| 21:36 | Build | Farm |
| 21:37 | Build | Farm |
| 21:41 | Build | Mining Camp |
| 21:44 | Queue | Villager (Male) |
| 21:49 | Build | Farm |
| 21:50 | Build | Farm |
| 21:52 | Queue | Villager (Male) |
| 21:59 | Research | Hand Cart |
| 22:00 | Queue | Villager (Male) |
| 22:02 | Queue | Villager (Male) |
| 22:10 | Build | Farm |
| 22:11 | Queue | Villager (Male) |
| 22:15 | Queue | Villager (Male) |
Build order — [CLB]PEGASO
138 actions detected in the replay
| 0:02 | Queue | Villager (Male) |
| 0:03 | Queue | Villager (Male) |
| 0:05 | Build | House |
| 0:06 | Build | House |
| 0:07 | Queue | Villager (Male) |
| 0:13 | Queue | Villager (Male) |
| 1:15 | Queue | Villager (Male) |
| 1:15 | Queue | Villager (Male) |
| 1:40 | Queue | Villager (Male) |
| 1:54 | Build | Lumber Camp |
| 2:14 | Queue | Villager (Male) |
| 2:14 | Queue | Villager (Male) |
| 2:34 | Queue | Villager (Male) |
| 2:35 | Queue | Villager (Male) |
| 3:15 | Queue | Villager (Male) |
| 3:16 | Queue | Villager (Male) |
| 3:44 | Queue | Villager (Male) |
| 3:52 | Build | House |
| 3:54 | Build | House |
| 3:59 | Queue | Villager (Male) |
| 4:00 | Queue | Villager (Male) |
| 4:18 | Queue | Villager (Male) |
| 4:18 | Queue | Villager (Male) |
| 4:19 | Queue | Villager (Male) |
| 4:44 | Build | Mill |
| 4:48 | Queue | Villager (Male) |
| 4:48 | Queue | Villager (Male) |
| 4:49 | Queue | Villager (Male) |
| 5:33 | Queue | Villager (Male) |
| 5:33 | Queue | Villager (Male) |
| 5:34 | Queue | Villager (Male) |
| 6:00 | Queue | Villager (Male) |
| 6:16 | Queue | Villager (Male) |
| 7:11 | Queue | Villager (Male) |
| 7:11 | Queue | Villager (Male) |
| 8:14 | Build | Farm |
| 8:18 | Queue | Villager (Male) |
| 8:27 | Build | Mining Camp |
| 8:40 | Build | Farm |
| 8:43 | Build | Farm |
| 8:48 | Research | Feudal Age |
| 10:09 | Build | House |
| 10:58 | Age | Feudal Age |
| 11:01 | Build | Market |
| 11:02 | Queue | Villager (Male) |
| 11:06 | Build | Blacksmith |
| 11:24 | Build | Farm |
| 11:26 | Build | Farm |
| 11:29 | Queue | Villager (Male) |
| 11:46 | Build | Mining Camp |
| 12:05 | Research | Castle Age |
| 12:41 | Research | Double-Bit Axe |
| 12:43 | Research | Horse Collar |
| 14:45 | Age | Castle Age |
| 14:47 | Build | Town Center |
| 14:50 | Queue | Villager (Male) |
| 14:58 | Build | House |
| 15:14 | Queue | Villager (Male) |
| 15:29 | Research | Bow Saw |
| 15:33 | Queue | Villager (Male) |
| 16:01 | Queue | Villager (Male) |
| 16:02 | Queue | Villager (Male) |
| 16:10 | Queue | Villager (Male) |
| 16:10 | Queue | Villager (Male) |
| 16:22 | Build | Farm |
| 16:24 | Build | Farm |
| 16:31 | Queue | Villager (Male) |
| 16:32 | Queue | Villager (Male) |
| 16:48 | Build | Farm |
| 16:58 | Build | Farm |
| 16:59 | Build | Farm |
| 17:00 | Build | Farm |
| 17:01 | Build | Farm |
| 17:03 | Build | Farm |
| 17:09 | Queue | Villager (Male) |
| 17:23 | Build | Castle |
| 17:28 | Build | Farm |
| 17:32 | Queue | Villager (Male) |
| 17:33 | Build | Farm |
| 17:41 | Queue | Villager (Male) |
| 18:06 | Queue | Villager (Male) |
| 18:06 | Queue | Villager (Male) |
| 18:11 | Build | Farm |
| 18:14 | Build | Farm |
| 18:17 | Build | Farm |
| 18:29 | Queue | Villager (Male) |
| 18:32 | Build | House |
| 18:32 | Build | House |
| 18:40 | Build | Mining Camp |
| 18:50 | Queue | Villager (Male) |
| 18:54 | Build | Farm |
| 18:55 | Build | Farm |
| 18:55 | Build | Farm |
| 19:22 | Build | House |
| 19:34 | Queue | Villager (Male) |
| 19:39 | Queue | Villager (Male) |
| 19:39 | Queue | Villager (Male) |
| 19:57 | Build | Farm |
| 19:58 | Build | Farm |
| 20:00 | Build | Farm |
| 20:03 | Queue | Villager (Male) |
| 20:04 | Queue | Villager (Male) |
| 20:27 | Queue | Villager (Male) |
| 20:28 | Queue | Villager (Male) |
| 20:51 | Queue | Villager (Male) |
| 20:52 | Queue | Villager (Male) |
| 21:11 | Build | Lumber Camp |
| 21:17 | Build | Farm |
| 21:17 | Queue | Villager (Male) |
| 21:20 | Build | Farm |
| 21:22 | Build | Farm |
| 21:28 | Research | Loom |
| 22:14 | Research | Imperial Age |
| 22:14 | Research | Imperial Age |
| 22:33 | Queue | Villager (Male) |
| 22:34 | Queue | Villager (Male) |
| 22:52 | Queue | Hussite Wagon |
| 22:53 | Queue | Hussite Wagon |
| 22:56 | Build | House |
| 22:58 | Build | House |
| 23:01 | Build | House |
| 23:19 | Queue | Hussite Wagon |
| 24:05 | Queue | Villager (Male) |
| 24:07 | Queue | Villager (Male) |
| 24:20 | Queue | Villager (Male) |
| 24:42 | Queue | Villager (Male) |
| 24:52 | Build | Palisade Wall |
| 25:21 | Build | Castle |
| 25:24 | Age | Imperial Age |
| 25:54 | Queue | Hussite Wagon |
| 25:55 | Queue | Villager (Male) |
| 25:55 | Queue | Villager (Male) |
| 25:56 | Queue | Villager (Male) |
| 26:41 | Build | House |
| 26:52 | Build | Castle |
| 27:05 | Queue | Hussite Wagon |
| 27:05 | Queue | Hussite Wagon |
| 27:12 | Build | House |
Build order — |FMG| TINCHO
119 actions detected in the replay
| 0:01 | Queue | Villager (Male) |
| 0:01 | Queue | Villager (Male) |
| 0:02 | Build | House |
| 0:03 | Build | House |
| 0:12 | Queue | Villager (Male) |
| 0:13 | Queue | Villager (Male) |
| 1:25 | Queue | Villager (Male) |
| 1:26 | Queue | Villager (Male) |
| 1:48 | Build | Lumber Camp |
| 1:53 | Queue | Villager (Male) |
| 1:53 | Queue | Villager (Male) |
| 2:16 | Queue | Villager (Male) |
| 2:16 | Queue | Villager (Male) |
| 2:34 | Queue | Villager (Male) |
| 3:04 | Queue | Villager (Male) |
| 3:34 | Queue | Villager (Male) |
| 3:51 | Build | House |
| 3:53 | Build | House |
| 4:03 | Queue | Villager (Male) |
| 4:24 | Queue | Villager (Male) |
| 4:31 | Build | Mill |
| 4:39 | Queue | Villager (Male) |
| 5:03 | Queue | Villager (Male) |
| 5:14 | Build | House |
| 5:48 | Queue | Villager (Male) |
| 5:50 | Queue | Villager (Male) |
| 6:04 | Queue | Villager (Male) |
| 6:08 | Queue | Villager (Male) |
| 6:40 | Queue | Villager (Male) |
| 6:46 | Queue | Villager (Male) |
| 7:04 | Build | Farm |
| 7:17 | Build | Farm |
| 7:44 | Build | Farm |
| 7:45 | Queue | Villager (Male) |
| 8:01 | Build | Farm |
| 8:07 | Queue | Villager (Male) |
| 8:46 | Queue | Villager (Male) |
| 8:50 | Build | Mining Camp |
| 9:12 | Queue | Villager (Male) |
| 9:35 | Research | Feudal Age |
| 9:40 | Build | Mining Camp |
| 10:43 | Queue | Villager (Male) |
| 10:43 | Queue | Villager (Male) |
| 11:15 | Build | Farm |
| 12:11 | Age | Feudal Age |
| 12:14 | Build | Market |
| 12:17 | Build | Blacksmith |
| 12:35 | Build | Farm |
| 12:41 | Build | House |
| 13:04 | Research | Castle Age |
| 14:10 | Research | Double-Bit Axe |
| 14:29 | Queue | Villager (Male) |
| 15:30 | Build | House |
| 15:44 | Age | Castle Age |
| 15:50 | Build | Castle |
| 15:53 | Queue | Villager (Male) |
| 15:54 | Build | Farm |
| 16:20 | Build | Castle |
| 16:30 | Queue | Villager (Male) |
| 16:32 | Build | Farm |
| 16:33 | Build | Farm |
| 16:34 | Build | Farm |
| 16:49 | Build | Mining Camp |
| 16:52 | Build | Farm |
| 16:52 | Build | Farm |
| 16:53 | Build | Farm |
| 16:53 | Build | Farm |
| 16:53 | Build | Farm |
| 16:56 | Queue | Villager (Male) |
| 17:35 | Research | Imperial Age |
| 17:57 | Queue | Genoese Crossbowman |
| 17:57 | Queue | Genoese Crossbowman |
| 18:16 | Queue | Genoese Crossbowman |
| 18:24 | Research | Gold Mining |
| 18:28 | Research | Fletching |
| 18:43 | Queue | Genoese Crossbowman |
| 19:28 | Queue | Genoese Crossbowman |
| 19:30 | Research | Bodkin Arrow |
| 20:01 | Queue | Genoese Crossbowman |
| 20:11 | Queue | Genoese Crossbowman |
| 20:28 | Queue | Genoese Crossbowman |
| 20:33 | Queue | Genoese Crossbowman |
| 20:41 | Queue | Genoese Crossbowman |
| 20:45 | Age | Imperial Age |
| 20:53 | Research | Bracer |
| 21:00 | Queue | Trebuchet (Packed) |
| 21:00 | Queue | Trebuchet (Packed) |
| 21:29 | Queue | Genoese Crossbowman |
| 21:36 | Queue | Genoese Crossbowman |
| 21:40 | Queue | Trebuchet (Packed) |
| 22:15 | Queue | Villager (Male) |
| 22:23 | Build | University |
| 22:25 | Queue | Villager (Male) |
| 22:27 | Research | Loom |
| 22:59 | Queue | Trebuchet (Packed) |
| 22:59 | Queue | Trebuchet (Packed) |
| 24:21 | Queue | Genoese Crossbowman |
| 24:25 | Queue | Genoese Crossbowman |
| 24:29 | Queue | Genoese Crossbowman |
| 24:36 | Queue | Genoese Crossbowman |
| 24:39 | Queue | Genoese Crossbowman |
| 25:12 | Queue | Genoese Crossbowman |
| 25:21 | Queue | Genoese Crossbowman |
| 25:22 | Queue | Villager (Male) |
| 25:25 | Research | Chemistry |
| 25:27 | Research | Horse Collar |
| 25:27 | Build | Farm |
| 25:28 | Research | Bow Saw |
| 25:30 | Build | Farm |
| 25:32 | Queue | Villager (Male) |
| 25:33 | Queue | Genoese Crossbowman |
| 25:51 | Queue | Genoese Crossbowman |
| 25:56 | Queue | Genoese Crossbowman |
| 26:05 | Queue | Villager (Male) |
| 26:10 | Queue | Genoese Crossbowman |
| 26:27 | Research | Ballistics |
| 26:31 | Build | Lumber Camp |
| 26:40 | Queue | Genoese Crossbowman |
| 26:50 | Queue | Genoese Crossbowman |
Build order — NuMa | Toth
First 150 of 184 actions detected
| 0:02 | Queue | Villager (Male) |
| 0:02 | Queue | Villager (Male) |
| 0:02 | Queue | Villager (Male) |
| 0:02 | Queue | Villager (Male) |
| 0:03 | Build | House |
| 0:04 | Build | House |
| 1:20 | Queue | Villager (Male) |
| 1:43 | Queue | Villager (Male) |
| 1:44 | Queue | Villager (Male) |
| 1:46 | Build | Lumber Camp |
| 2:11 | Queue | Villager (Male) |
| 2:11 | Queue | Villager (Male) |
| 2:34 | Queue | Villager (Male) |
| 2:35 | Queue | Villager (Male) |
| 3:01 | Queue | Villager (Male) |
| 3:02 | Queue | Villager (Male) |
| 3:02 | Queue | Villager (Male) |
| 3:29 | Queue | Villager (Male) |
| 3:29 | Queue | Villager (Male) |
| 3:51 | Build | House |
| 3:52 | Build | House |
| 3:53 | Build | House |
| 3:58 | Queue | Villager (Male) |
| 4:16 | Queue | Villager (Male) |
| 4:19 | Build | Mill |
| 4:29 | Queue | Villager (Male) |
| 4:56 | Queue | Villager (Male) |
| 4:57 | Queue | Villager (Male) |
| 5:20 | Queue | Villager (Male) |
| 5:20 | Queue | Villager (Male) |
| 5:42 | Queue | Villager (Male) |
| 5:42 | Queue | Villager (Male) |
| 5:43 | Queue | Villager (Male) |
| 5:53 | Build | Farm |
| 5:55 | Build | Farm |
| 5:59 | Build | Farm |
| 6:30 | Queue | Villager (Male) |
| 6:31 | Queue | Villager (Male) |
| 6:33 | Build | Farm |
| 7:34 | Build | Mining Camp |
| 7:41 | Research | Feudal Age |
| 7:41 | Research | Feudal Age |
| 9:41 | Queue | Villager (Male) |
| 10:04 | Queue | Villager (Male) |
| 10:06 | Age | Feudal Age |
| 10:11 | Build | Market |
| 10:14 | Build | Blacksmith |
| 10:58 | Research | Castle Age |
| 10:58 | Research | Castle Age |
| 11:07 | Research | Double-Bit Axe |
| 11:08 | Research | Double-Bit Axe |
| 11:36 | Research | Horse Collar |
| 11:36 | Research | Horse Collar |
| 13:32 | Build | Palisade Wall |
| 13:35 | Queue | Villager (Male) |
| 13:38 | Age | Castle Age |
| 13:44 | Build | Town Center |
| 13:46 | Queue | Villager (Male) |
| 13:55 | Build | Town Center |
| 14:05 | Research | Wheelbarrow |
| 14:06 | Research | Bow Saw |
| 14:06 | Research | Bow Saw |
| 14:08 | Queue | Villager (Male) |
| 14:08 | Queue | Villager (Male) |
| 14:10 | Build | Farm |
| 14:19 | Build | House |
| 14:32 | Build | Farm |
| 14:56 | Build | Farm |
| 15:03 | Queue | Villager (Male) |
| 15:10 | Build | Farm |
| 15:14 | Queue | Villager (Male) |
| 15:18 | Queue | Villager (Male) |
| 15:23 | Queue | Villager (Male) |
| 15:27 | Build | Farm |
| 15:30 | Build | Farm |
| 15:33 | Build | Farm |
| 15:39 | Queue | Villager (Male) |
| 15:40 | Queue | Villager (Male) |
| 15:42 | Queue | Villager (Male) |
| 15:56 | Build | Farm |
| 16:07 | Build | Farm |
| 16:12 | Queue | Villager (Male) |
| 16:13 | Queue | Villager (Male) |
| 16:19 | Queue | Villager (Male) |
| 16:20 | Queue | Villager (Male) |
| 16:22 | Build | Farm |
| 16:31 | Build | Farm |
| 16:35 | Build | Farm |
| 16:35 | Queue | Villager (Male) |
| 16:36 | Queue | Villager (Male) |
| 16:46 | Build | Farm |
| 16:51 | Queue | Villager (Male) |
| 16:51 | Queue | Villager (Male) |
| 17:02 | Build | Farm |
| 17:03 | Queue | Villager (Male) |
| 17:09 | Build | Farm |
| 17:12 | Queue | Villager (Male) |
| 17:24 | Build | House |
| 17:27 | Queue | Villager (Male) |
| 17:27 | Queue | Villager (Male) |
| 17:29 | Build | Farm |
| 17:29 | Build | Farm |
| 17:33 | Research | Loom |
| 17:33 | Research | Loom |
| 17:35 | Research | Town Watch |
| 17:35 | Research | Town Watch |
| 17:44 | Build | Farm |
| 17:45 | Queue | Villager (Male) |
| 17:46 | Queue | Villager (Male) |
| 17:58 | Queue | Villager (Male) |
| 17:58 | Queue | Villager (Male) |
| 18:02 | Build | House |
| 18:04 | Queue | Villager (Male) |
| 18:04 | Queue | Villager (Male) |
| 18:10 | Queue | Villager (Male) |
| 18:12 | Build | Farm |
| 18:17 | Build | Farm |
| 18:21 | Queue | Villager (Male) |
| 18:21 | Queue | Villager (Male) |
| 18:24 | Build | Farm |
| 18:33 | Build | Farm |
| 18:34 | Queue | Villager (Male) |
| 18:35 | Queue | Villager (Male) |
| 18:40 | Queue | Villager (Male) |
| 18:44 | Queue | Villager (Male) |
| 18:44 | Queue | Villager (Male) |
| 18:49 | Queue | Villager (Male) |
| 18:52 | Build | Farm |
| 18:55 | Build | Farm |
| 19:01 | Queue | Villager (Male) |
| 19:21 | Queue | Villager (Male) |
| 19:22 | Queue | Villager (Male) |
| 19:22 | Queue | Villager (Male) |
| 19:35 | Queue | Villager (Male) |
| 19:35 | Queue | Villager (Male) |
| 19:44 | Queue | Villager (Male) |
| 19:56 | Queue | Villager (Male) |
| 20:01 | Build | House |
| 20:01 | Build | House |
| 20:02 | Build | House |
| 20:21 | Build | University |
| 20:40 | Build | Castle |
| 20:45 | Queue | Villager (Male) |
| 21:00 | Build | House |
| 21:23 | Queue | Villager (Male) |
| 21:25 | Queue | Villager (Male) |
| 21:55 | Build | Siege Workshop |
| 22:30 | Queue | Mangonel |
| 22:38 | Build | Mining Camp |
| 22:57 | Research | Imperial Age |
Build order — migrARTEusa.com
First 150 of 268 actions detected
| 0:01 | Queue | Villager (Male) |
| 0:01 | Queue | Villager (Male) |
| 0:02 | Queue | Villager (Male) |
| 0:02 | Queue | Villager (Male) |
| 0:04 | Build | House |
| 0:05 | Build | House |
| 0:13 | Queue | Villager (Male) |
| 0:14 | Queue | Villager (Male) |
| 1:20 | Queue | Villager (Male) |
| 1:20 | Queue | Villager (Male) |
| 1:52 | Build | Lumber Camp |
| 1:58 | Queue | Villager (Male) |
| 1:58 | Queue | Villager (Male) |
| 2:15 | Queue | Villager (Male) |
| 2:16 | Queue | Villager (Male) |
| 2:46 | Queue | Villager (Male) |
| 2:46 | Queue | Villager (Male) |
| 3:04 | Queue | Villager (Male) |
| 3:04 | Queue | Villager (Male) |
| 3:46 | Build | House |
| 3:47 | Build | House |
| 4:12 | Queue | Villager (Male) |
| 4:12 | Queue | Villager (Male) |
| 4:12 | Queue | Villager (Male) |
| 4:58 | Queue | Villager (Male) |
| 5:03 | Build | Mill |
| 5:14 | Queue | Villager (Male) |
| 5:47 | Queue | Villager (Male) |
| 6:14 | Queue | Villager (Male) |
| 6:21 | Build | Farm |
| 6:26 | Build | Farm |
| 6:32 | Build | Farm |
| 6:36 | Queue | Villager (Male) |
| 6:59 | Queue | Villager (Male) |
| 7:19 | Queue | Villager (Male) |
| 7:37 | Build | Farm |
| 7:41 | Queue | Villager (Male) |
| 7:54 | Research | Feudal Age |
| 8:39 | Build | Mining Camp |
| 9:58 | Build | House |
| 10:37 | Age | Feudal Age |
| 10:42 | Build | Market |
| 10:45 | Build | Blacksmith |
| 10:46 | Queue | Villager (Male) |
| 10:46 | Queue | Villager (Male) |
| 10:50 | Build | Farm |
| 11:01 | Build | Farm |
| 11:26 | Build | House |
| 11:42 | Research | Castle Age |
| 11:42 | Research | Castle Age |
| 11:49 | Build | House |
| 12:14 | Research | Double-Bit Axe |
| 12:42 | Research | Horse Collar |
| 12:46 | Build | House |
| 13:18 | Build | House |
| 13:52 | Build | House |
| 14:08 | Age | Castle Age |
| 14:12 | Build | Town Center |
| 14:16 | Queue | Villager (Male) |
| 14:16 | Queue | Villager (Male) |
| 14:25 | Build | Town Center |
| 14:29 | Queue | Villager (Male) |
| 14:32 | Build | House |
| 14:44 | Queue | Villager (Male) |
| 15:04 | Build | House |
| 15:06 | Queue | Villager (Male) |
| 15:25 | Queue | Villager (Male) |
| 15:40 | Queue | Villager (Male) |
| 15:40 | Queue | Villager (Male) |
| 15:45 | Build | Town Center |
| 16:00 | Queue | Villager (Male) |
| 16:02 | Build | House |
| 16:05 | Build | Farm |
| 16:08 | Build | Farm |
| 16:09 | Queue | Villager (Male) |
| 16:18 | Queue | Villager (Male) |
| 16:21 | Build | Farm |
| 16:29 | Queue | Villager (Male) |
| 16:33 | Build | House |
| 16:37 | Build | Farm |
| 16:38 | Build | Farm |
| 16:50 | Queue | Villager (Male) |
| 16:58 | Build | Farm |
| 17:03 | Queue | Villager (Male) |
| 17:06 | Build | House |
| 17:12 | Build | Farm |
| 17:20 | Build | Farm |
| 17:22 | Build | Farm |
| 17:24 | Queue | Villager (Male) |
| 17:28 | Build | Farm |
| 17:32 | Queue | Villager (Male) |
| 17:32 | Queue | Villager (Male) |
| 17:47 | Build | House |
| 17:50 | Build | Farm |
| 17:54 | Build | Farm |
| 17:56 | Queue | Villager (Male) |
| 17:58 | Build | Farm |
| 17:59 | Build | Farm |
| 18:01 | Build | Farm |
| 18:02 | Queue | Villager (Male) |
| 18:03 | Queue | Villager (Male) |
| 18:06 | Build | Farm |
| 18:18 | Build | House |
| 18:19 | Queue | Villager (Male) |
| 18:19 | Queue | Villager (Male) |
| 18:21 | Queue | Villager (Male) |
| 18:21 | Queue | Villager (Male) |
| 18:26 | Build | Farm |
| 18:27 | Build | Farm |
| 18:29 | Queue | Villager (Male) |
| 18:39 | Research | Loom |
| 18:40 | Queue | Villager (Male) |
| 18:41 | Queue | Villager (Male) |
| 18:45 | Build | Farm |
| 18:46 | Build | Farm |
| 18:49 | Build | House |
| 18:50 | Build | House |
| 18:51 | Build | House |
| 18:53 | Build | House |
| 18:55 | Queue | Villager (Male) |
| 18:55 | Queue | Villager (Male) |
| 19:00 | Build | Farm |
| 19:01 | Queue | Villager (Male) |
| 19:07 | Queue | Villager (Male) |
| 19:09 | Build | Farm |
| 19:13 | Build | Farm |
| 19:16 | Queue | Villager (Male) |
| 19:16 | Queue | Villager (Male) |
| 19:16 | Queue | Villager (Male) |
| 19:19 | Queue | Villager (Male) |
| 19:19 | Queue | Villager (Male) |
| 19:19 | Queue | Villager (Male) |
| 19:26 | Queue | Villager (Male) |
| 19:26 | Queue | Villager (Male) |
| 19:34 | Queue | Villager (Male) |
| 19:34 | Queue | Villager (Male) |
| 19:38 | Build | Mining Camp |
| 19:39 | Queue | Villager (Male) |
| 19:47 | Queue | Villager (Male) |
| 19:49 | Build | Farm |
| 19:51 | Queue | Villager (Male) |
| 19:51 | Queue | Villager (Male) |
| 19:52 | Queue | Villager (Male) |
| 20:02 | Queue | Villager (Male) |
| 20:02 | Queue | Villager (Male) |
| 20:06 | Build | Farm |
| 20:06 | Queue | Villager (Male) |
| 20:07 | Queue | Villager (Male) |
| 20:12 | Queue | Villager (Male) |
| 20:13 | Queue | Villager (Male) |
Match timeline
| 9:40 | FMG | Camilo · age_up feudal |
| 9:40 | |FMG| twitch/JabsUY · age_up feudal |
| 10:06 | NuMa | Toth · age_up feudal |
| 10:37 | migrARTEusa.com · age_up feudal |
| 10:49 | |FMG| twitch/JabsUY · first_market_sell 100 wood |
| 10:58 | [CLB]PEGASO · age_up feudal |
| 12:11 | |FMG| TINCHO · age_up feudal |
| 13:23 | FMG | Camilo · age_up castle |
| 13:31 | |FMG| twitch/JabsUY · age_up castle |
| 13:32 | NuMa | Toth · wall_segment Palisade Wall x1 |
| 13:38 | NuMa | Toth · age_up castle |
| 14:08 | migrARTEusa.com · age_up castle |
| 14:38 | |FMG| twitch/JabsUY · first_building Monastery |
| 14:45 | [CLB]PEGASO · age_up castle |
| 15:29 | migrARTEusa.com · first_market_buy 100 stone |
| 15:44 | |FMG| TINCHO · age_up castle |
| 15:50 | |FMG| TINCHO · first_building Castle |
| 17:05 | |FMG| TINCHO · first_market_sell 100 wood |
| 17:23 | [CLB]PEGASO · first_building Castle |
| 18:59 | |FMG| twitch/JabsUY · first_building Barracks |
| 19:59 | |FMG| twitch/JabsUY · first_building Archery Range |
| 20:21 | |FMG| twitch/JabsUY · first_building Siege Workshop |
| 20:37 | NuMa | Toth · first_market_buy 100 stone |
| 20:40 | NuMa | Toth · first_building Castle |
| 20:45 | |FMG| TINCHO · age_up imperial |
| 20:56 | migrARTEusa.com · first_building Barracks |
| 21:21 | FMG | Camilo · first_market_buy 100 stone |
| 21:55 | NuMa | Toth · first_building Siege Workshop |
| 22:00 | [CLB]PEGASO · first_market_sell 100 wood |
| 22:04 | [CLB]PEGASO · first_market_buy 100 food |
| 22:20 | |FMG| TINCHO · first_market_buy 100 wood |
| 22:25 | migrARTEusa.com · first_building Stable |
| 22:55 | NuMa | Toth · first_market_sell 100 wood |
| 23:03 | NuMa | Toth · first_building Barracks |
| 23:13 | FMG | Camilo · first_building Monastery |
| 23:45 | FMG | Camilo · first_market_sell 100 food |
| 24:19 | NuMa | Toth · first_building Archery Range |
| 24:33 | migrARTEusa.com · first_building Monastery |
| 24:52 | [CLB]PEGASO · wall_segment Palisade Wall x1 |
| 25:24 | [CLB]PEGASO · age_up imperial |
| 25:26 | FMG | Camilo · first_building Barracks |
| 25:46 | migrARTEusa.com · first_building Castle |
| 26:06 | NuMa | Toth · age_up imperial |
| 27:11 | |FMG| twitch/JabsUY · age_up imperial |
| 27:18 | [CLB]PEGASO · resign |
[ AI ANALYSIS · 1 CREDIT ]
What really happened in this match?
Wolo.gg analyzes every decision: build order, eco, micro, common mistakes by bracket. Personalized analysis on WhatsApp or Discord in 30 seconds.
Civ guide
Bohemians
Perfil
Jugador #2583713